 Dungeon Crawl Stone Soup version 0.31-a0-948-gf5be29c462 (webtiles) character file.

Game seed: 13319060598776841817

60 BinkBink the Shooter (level 3, 0/18 HPs)
             Began as a Spriggan Hunter on Oct 21, 2023.
             Was an Initiate of Okawaru.
             Slain by an iguana (12 damage)
             ... on level 3 of the Dungeon.
             The game lasted 00:02:06 (1928 turns).

BinkBink the Shooter (Spriggan Hunter)              Turns: 1928, Time: 00:02:07

Health: 0/18       AC:  2    Str: 13    XL:     3   Next: 82%
Magic:  4/4        EV: 18    Int: 10    God:    Okawaru [......]
Gold:   175        SH:  0    Dex: 20    Spells: 2/2 levels left

rFire   . . .        a - +0 shortbow
rCold   . . .        (shield currently unavailable)
rNeg    . . .        c - +0 robe
rPois   .            (helmet currently unavailable)
rElec   .            (cloak currently unavailable)
rCorr   .            (gloves unavailable)
SInv    +            (boots unavailable)
Will    .....        (no amulet)
Stlth   ++           g - +6 ring of strength
HPRegen 0.23/turn    (no ring)
MPRegen 0.09/turn

%: no passive effects
@: beast-form, very quick
A: beast (slay +0), very small, no large weapons, unfitting armour, see
invisible, speed 3
a: Begin Untransformation, Renounce Religion


You were on level 3 of the Dungeon.
You worshipped Okawaru.
Okawaru was noncommittal.
You were a hulking beast.
You visited 1 branch of the dungeon, and saw 3 of its levels.

You collected 175 gold pieces.

Inventory:

Hand Weapons
 a - a +0 shortbow (weapon)
Armour
 c - a +0 robe (worn)
Jewellery
 g - a +6 ring of strength (left hand)
 r - a +4 ring of protection
Talismans
 p - a beast talisman (active)
Scrolls
 b - a scroll of butterflies
 f - a scroll of noise {unknown}
 h - a scroll of revelation {unknown}
 k - a scroll of silence {unknown}
 m - a scroll of teleportation {unknown}
 n - a scroll of enchant armour {unknown}
 o - a scroll of identify {unknown}
 q - a scroll of torment {unknown}
Potions
 d - a potion of heal wounds {unknown}
 e - 3 potions of curing {unknown}
 i - a potion of degeneration {unknown}
 j - a potion of enlightenment {unknown}
 l - 2 potions of haste {unknown}


   Skills:
 - Level 1.5 Fighting
 + Level 5.4 Ranged Weapons
 - Level 2.6 Dodging
 - Level 1.5 Stealth
 + Level 0.7 Shapeshifting


You had 2 spell levels left.
You didn't know any spells.
Your spell library contained the following spells:

 Spells                   Type           Power      Damage    Failure   Level
 Orb of Destruction       Conj           0%         9d5       100%        7
 Summon Guardian Golem    Hex/Summ       Unusable   N/A       N/A         3
 Spellforged Servitor     Conj/Summ      Unusable   N/A       N/A         7

Dungeon Overview and Level Annotations

Branches:
Dungeon (3/15)

Altars:
Okawaru


Innate Abilities, Weirdness & Mutations

You are a hulking beast.
Your limbs bulge with bestial killing power. (Slay +0)
You are very small and have problems with some larger weapons.
You are too small for most types of armour.
You have supernaturally acute eyesight. (SInv)
You cover ground extremely quickly. (Speed+++)


Message History

The orc is severely wounded.
You shoot an arrow. The arrow hits the orc!
You kill the orc!
Okawaru accepts your kill.
An endoplasm comes into view.
You shoot an arrow. The endoplasm quivers.
The arrow hits the endoplasm!
You kill the endoplasm!
Okawaru accepts your kill.
You shoot an arrow. The arrow hits the goblin!
You kill the goblin!
Okawaru accepts your kill.
No target in view!
No target in view!
Things that are here:
a +0 spear of venom; an orc corpse
Found a stone staircase leading down.
You see here a giant cockroach corpse.
A goblin and an iguana come into view.
You shoot an arrow.
The arrow hits the goblin but does no damage.
The goblin shouts!
The iguana hisses angrily.
You shoot an arrow. The arrow barely misses the goblin.
You shoot an arrow. The arrow hits the goblin!
You kill the goblin!
Okawaru accepts your kill.
You shoot an arrow. The arrow hits the iguana.
The iguana is moderately wounded.
You shoot an arrow. The arrow hits the iguana.
The iguana is heavily wounded.
You shoot an arrow.
The arrow hits the iguana but does no damage.
The iguana is heavily wounded.
The iguana bites you.
You shoot an arrow. The arrow hits the iguana.
The iguana is almost dead.
The iguana bites you!
Ouch! That really hurt!
You die...

##......<.... #...
##.......### #...
###.....# #
#...############(.# #
#........... #'## #
#........... ###.# #
#......^.... #.#.# #
#....l...... #...####
#h# #.#....# ##.##
#.#.##.# #...#####
#.#.##.# ##.#.#.#.#.##
#.#.##.#
#....>......##########
##.#.#.#.#.#......###
#..........†'#......##
##.#.#.#.#.#..).......
#.............)###....


You could see an iguana.

Vanquished Creatures
  An adder (D:3)
  A worm (D:2)
  2 dart slugs
  An orc (D:3)
  6 endoplasms
  4 giant cockroaches
  4 goblins
  5 hobgoblins
  2 jackals (D:1)
  3 quokkas
  A ball python (D:2)
  3 bats
  3 frilled lizards
  A kobold (D:1)
  A rat (D:2)
38 creatures vanquished.

Notes
Turn   | Place    | Note
-------+----------+-------------------------------------------
     0 | D:1      | BinkBink the Spriggan Hunter began the quest for the Orb.
     0 | D:1      | Reached XP level 1. HP: 10/10 MP: 2/2
   184 | D:1      | Found a faded altar of an unknown god.
   317 | D:1      | Reached XP level 2. HP: 10/14 MP: 3/3
   933 | D:2      | Reached skill level 5 in Ranged Weapons
   982 | D:2      | Reached XP level 3. HP: 18/18 MP: 4/4
  1211 | D:2      | Found an iron altar of Okawaru.
  1256 | D:2      | Became a worshipper of Warmaster Okawaru
  1928 | D:3      | Slain by an iguana

Illustrated notes

Levels and vault maps discovered:
D:1:      lightli_arrival_farm, layout_basic,
          shapermc_ecumenical_altar_hornbeckon
D:2:      layout_loops_ring, basic_altar
D:3:      layout_basic, serial_curves, eino_curves_01, eino_curves_01,
          eino_curves_02, eino_curves_01, st_stairs_11, uniq_sigmund

Skill      XL: |  1  2 |
---------------+-------+-----
Ranged Weapons | 5 |  5.4
Fighting       | |  1.5
Dodging        | |  2.6
Stealth        | |  1.5
Shapeshifting  | |  0.7

Action                     || total
---------------------------++-------
   Fire: Shortbow          ||    98
 Armour: Robe              ||     6
  Dodge: Dodged            ||     9
   Form: Beast             ||     1

Table legend: (Time is in decaauts)
 A = Elapsed time spent in this place.
 B = Non-inter-level travel time spent in this place.
 C = Inter-level travel time spent in this place.
 D = Time resting spent in this place.
 E = Time spent auto-exploring this place.
 F = Levels seen in this place.
 G = Mean time per level.
                   A        B        C        D        E       F      G
               +--------+--------+--------+--------+--------+-----+--------+
         Total |   1308 |   1219 |     89 |    100 |    922 |   3 |  436.0 |
       Dungeon |   1308 |   1219 |     89 |    100 |    922 |   3 |  436.0 |
               +--------+--------+--------+--------+--------+-----+--------+

Top non-repeatable levels by time:
     D:1: 617 daAuts
     D:2: 473 daAuts
     D:3: 218 daAuts
